 Dungeon Crawl Stone Soup version 0.30-a0-1103-g25895a7845 (webtiles) character file.

Game seed: 15763750741653820626

0 jasper the Sneak (level 1, -1/22 HPs)
             Began as a Troll Delver on Apr 18, 2023.
             Succumbed to a scorpion's poison
             ... on level 5 of the Dungeon.
             The game lasted 00:00:11 (68 turns).

jasper the Sneak (Troll Delver)                       Turns: 68, Time: 00:00:11

Health: -1/22      AC:  4    Str: 19    XL:     1   Next: 0%
Magic:  0/0        EV:  9    Int:  6    God:
Gold:   0          SH:  0    Dex: 11    Spells: 0/0 levels left

rFire   . . .      SeeInvis .      - Unarmed
rCold   . . .      Faith    .    (no shield)
rNeg    . . .      Spirit   .    a - +0 robe
rPois   .          Reflect  .    (helmet restricted)
rElec   .          Rampage  .    (no cloak)
rCorr   .                        (gloves unavailable)
Will    .....                    (boots unavailable)
Stlth   ++                       (no amulet)
HPRegen 1.03/turn                (no ring)
MPRegen 0.07/turn                (no ring)

@: lethally poisoned (-1 -> -5)
A: large, unfitting armour, claws 3, regeneration 1, shaggy fur 1, tough skin 1
a: no special abilities


You were on level 5 of the Dungeon.
You visited 1 branch of the dungeon, and saw 1 of its levels.

Inventory:

Armour
 a - a +0 robe (worn)
Wands
 f - a wand of digging (3)
Scrolls
 b - a scroll of fog
 c - a scroll of magic mapping
 d - a scroll of fear
Potions
 e - a potion of haste
 g - a potion of resistance {unknown}


   Skills:
 + Level 2.4 Fighting
 + Level 1.5 Dodging
 - Level 2.7 Stealth
 * Level 2.0 Unarmed Combat


You couldn't memorise any spells.
You didn't know any spells.
Your spell library was empty.

Dungeon Overview and Level Annotations

Branches:
Dungeon (5/15)
 Temple: D:4-7

Altars:

Portals:
Sewer: D:5


Innate Abilities, Weirdness & Mutations

You are too large for most types of armour.
You have claws for hands.
Your natural rate of healing is unusually fast.
You are covered in fur. (AC +1)
You have tough skin. (AC +1)


Message History

The adder hisses angrily.
You barely miss the scorpion. The scorpion closely misses you. x2
You scratch the scorpion. You claw the scorpion.
The scorpion is moderately wounded.
The scorpion stings you.
You take 3 damage, and have 19/22 hp.
You closely miss the scorpion.
The scorpion is lightly wounded.
The scorpion barely misses you.
You scratch the scorpion.
The scorpion is heavily wounded.
The scorpion stings you.
You are poisoned.
The scorpion poisons you!
You scratch the scorpion.
The scorpion is severely wounded.
You feel sick. The scorpion stings you.
You take 2 damage, and have 18/22 hp.
You scratch the scorpion but do no damage.
The scorpion is severely wounded.
You feel sick. The scorpion stings you.
You are more poisoned.
The scorpion poisons you!
You take 7 damage, and have 11/22 hp.
MASSIVE DAMAGE!!
You scratch the scorpion but do no damage.
The scorpion is severely wounded.
You feel very sick. The scorpion stings you.
* * * LOW HITPOINT WARNING * * *
The scorpion misses you.
You take 8 damage, and have 3/22 hp.
MASSIVE DAMAGE!!
You barely miss the scorpion.
The scorpion is severely wounded.
* * * LOW HITPOINT WARNING * * *
You feel very sick. The scorpion closely misses you.
You take 2 damage, and have 1/22 hp.
You claw the scorpion!
You kill the scorpion!
You die...

### #.# ....# #.########
#.#.# ##......... #.#.#
##...#######
###.#.###.....#
#............##
#.#.#.#####.##
#.#.#.#.#..## #.#
#.....†@....# #.#
#...#######.###+#
###.#~BSB~#.##...##
#.#~~∩~~+.#....>##
#.#~~~~~#........## #
...#######.........####
###.....................
##...####..........###
#.......#.# #


You could see an adder and 2 giant cockroaches.

Vanquished Creatures
  A scorpion (D:5)
1 creature vanquished.

Notes
Turn   | Place    | Note
-------+----------+-------------------------------------------
     0 | D:5      | jasper the Troll Delver began the quest for the Orb.
     0 | D:5      | Reached XP level 1. HP: 22/22 MP: 0/0
    10 | D:5      | Noticed a scorpion
    50 | D:5      | Found a glowing drain.
    67 | D:5      | HP: 1/22 [poisoned by a scorpion]
    68 | D:5      | Killed a scorpion
    68 | D:5      | Succumbed to a scorpion's poison

Illustrated notes

Levels and vault maps discovered:
D:5:      layout_loops_corners, gup_sewer_entry_glass,
          chequers_serial_rivers_small_b, minmay_ruined_shrine

Action                     || total
---------------------------++-------
  Melee: Unarmed           ||     9
         Punch             ||     1
  Dodge: Dodged            ||     5

Table legend: (Time is in decaauts)
 A = Elapsed time spent in this place.
 B = Non-inter-level travel time spent in this place.
 C = Inter-level travel time spent in this place.
 D = Time resting spent in this place.
 E = Time spent auto-exploring this place.
 F = Levels seen in this place.
 G = Mean time per level.
                   A        B        C        D        E       F      G
               +--------+--------+--------+--------+--------+-----+--------+
         Total |     67 |     67 |      0 |      0 |     47 |   1 |   67.0 |
       Dungeon |     67 |     67 |      0 |      0 |     47 |   1 |   67.0 |
               +--------+--------+--------+--------+--------+-----+--------+

Top non-repeatable levels by time:
     D:5: 67 daAuts
